 Dungeon Crawl Stone Soup version 0.30.1-9-gdf580d7c3d (webtiles) character file.

Game seed: 5612863731087278417

496560 Beranek the Slayer (level 25, 0/270 HPs)
             Began as a Gargoyle Fighter on Oct 21, 2023.
             Was a High Priest of Okawaru.
             Killed from afar by a yellow draconian annihilator (8 damage)
             ... with a glob of acid
             ... on level 8 of a ziggurat on Oct 22, 2023.
             The game lasted 04:47:35 (54581 turns).

Beranek the Slayer (Gargoyle Fighter)              Turns: 54581, Time: 04:47:36

Health: 0/270      AC: 28    Str: 34    XL:     25   Next: 14%
Magic:  0/30       EV:  2    Int: 11    God:    Okawaru [*****.]
Gold:   4098       SH:  0    Dex: 11    Spells: 24/24 levels left

rFire   + . .        a - +9 battleaxe (elec)
rCold   . . .        (shield currently unavailable)
rNeg    + . .        X - melded +6 gold dragon scales
rPois   ∞            V - melded +5 helmet "Onwaik" {rF- Regen+ Dex+3 SInv}
rElec   .            N - melded +1 cloak of the Depths {rN+ Str+2 Dex+5}
rCorr   +            v - melded +0 pair of gloves {Str+3}
SInv    .            L - melded +2 pair of boots of the Majestic God {Will+ SInv}
Will    ++...        P - amulet of guardian spirit
Stlth   ++++         W - ring of Odovvoma {rF+ Int+3 Slay+4}
HPRegen 0.65/turn    o - ring of Olitz {Contam Will+ rCorr Str+5 Stlth+}
MPRegen 0.22/turn

%: guardian spirit
@: tree-form, heroic, finesse-ful, corroded, studying 3 skills
A: stationary, stasis, torment immunity, boosted hp, sickness immunity, AC +19,
(big wings), negative energy resistance 1, (electricity resistance), torment
resistance 1, petrification resistance, (cold resistance 1), dopey 1, low MP 1,
no potion heal 1, (heat vulnerability 1)
}: 2/15 runes: serpentine, barnacled
a: Renounce Religion, Heroism, Finesse, Duel


You were on level 8 of a ziggurat.
You worshipped Okawaru.
Okawaru was extremely pleased with you.
You were a tree.
You visited 10 branches of the dungeon, and saw 44 of its levels.
You visited 1 ziggurat, and saw 8 of its levels.
You also visited: Ossuary, Gauntlet and Desolation.

You collected 5306 gold pieces.
You spent 1208 gold pieces at shops.

Inventory:

Hand Weapons
 a - a +9 battleaxe of electrocution (weapon)
 j - the +11 dire flail "Ystroy Ylett" {flame, Contam *Slow Dex+5}
   (You took it off an ogre on level 7 of the Dungeon)

   Dex:       It affects your dexterity (+5).
   Contam:    It causes magical contamination when unequipped.
   *Slow:     It may slow you when you take damage.
 x - a +0 heavy executioner's axe
Missiles
 g - 49 boomerangs (quivered)
 w - 2 silver javelins
 O - 41 poisoned darts
Armour
 e - the +0 pair of boots "Deicw" {rElec rN+}
   (You found it on level 1 of the Snake Pit)

   rElec:     It insulates you from electricity.
   rN:        It protects you from negative energy.
 v - a +0 pair of gloves of strength (melded)
 L - the +2 pair of boots of the Majestic God (melded) {Will+ SInv}
   (Okawaru gifted it to you on level 4 of the Vaults)

   SInv:      It lets you see invisible.
   Will:      It increases your willpower.
 N - the +1 cloak of the Depths (melded) {rN+ Str+2 Dex+5}
   (You found it on level 2 of the Depths)

   Str:       It affects your strength (+2).
   Dex:       It affects your dexterity (+5).
   rN:        It protects you from negative energy.
 V - the +5 helmet "Onwaik" (melded) {rF- Regen+ Dex+3 SInv}
   (You found it in a Gauntlet)

   Dex:       It affects your dexterity (+3).
   rF:        It makes you vulnerable to fire.
   SInv:      It lets you see invisible.
   Regen:     It increases your rate of health regeneration.
 X - +6 gold dragon scales (melded)
Jewellery
 k - a ring of positive energy
 o - the ring of Olitz (right branch) {Contam Will+ rCorr Str+5 Stlth+}
   (You bought it in a shop on level 2 of the Snake Pit)

   [ring of willpower]

   Str:       It affects your strength (+5).
   Contam:    It causes magical contamination when unequipped.
   rCorr:     It protects you from acid and corrosion.
   Will:      It increases your willpower.
   Stlth:     It makes you more stealthy.
 P - an amulet of guardian spirit (around neck)
 T - the ring "Dauptusi" {rN++ Will+ Str-4 Dex+6}
   (You found it on level 2 of the Depths)

   [ring of dexterity]

   Str:       It affects your strength (-4).
   Dex:       It affects your dexterity (+6).
   rN:        It greatly protects you from negative energy.
   Will:      It increases your willpower.
 W - the ring of Odovvoma (left branch) {rF+ Int+3 Slay+4}
   (You found it in a Gauntlet)

   [ring of slaying]

   Int:       It affects your intelligence (+3).
   Slay:      It affects your accuracy & damage with ranged weapons and melee
   (+4).
   rF:        It protects you from fire.
 Z - the amulet of the Air {Inacc Air Fly rElec RMsl}
   (You took it off a spriggan berserker on level 3 of the Depths)

   [amulet of nothing]

   Inacc:     It reduces the accuracy of your attacks and spells.
   Air:       It enhances your air magic.
   rElec:     It insulates you from electricity.
   Fly:       It grants you flight.
   RMsl:      It protects you from missiles.
Wands
 l - a wand of iceblast (39)
 D - a wand of digging (18)
 E - a wand of polymorph (35)
 I - a wand of paralysis (47)
 J - a wand of flame (114)
 R - a wand of quicksilver (16)
 S - a wand of mindburst (39)
Scrolls
 h - 9 scrolls of poison
 m - 2 scrolls of blinking
 p - 2 scrolls of silence
 t - a scroll of brand weapon
 y - 11 scrolls of fog
 z - 16 scrolls of teleportation
 M - 5 scrolls of magic mapping
 Q - 3 scrolls of enchant weapon
 U - 7 scrolls of fear
Potions
 b - 4 potions of resistance
 c - a potion of haste
 d - 5 potions of might
 f - 6 potions of berserk rage
 i - 27 potions of curing
 n - 9 potions of brilliance
 q - 3 potions of magic
 r - 7 potions of attraction
 A - 2 potions of heal wounds
 B - 7 potions of cancellation
 F - 7 potions of lignification
 G - 4 potions of invisibility


   Skills:
 - Level 24.8(27) Fighting
 - Level 18.7(26.3) Axes
 - Level 18.7(27) Maces & Flails
 + Level 2.6(17.5) Polearms
 - Level 20.9(25.9) Armour
 + Level 9.5(14.5) Dodging
 - Level 3.2(8.2) Shields
 + Level 14.1 Invocations
 - Level 14.8 Evocations


You had 24 spell levels left.
You didn't know any spells.
Your spell library contained the following spells:

 Spells                   Type           Power      Damage    Failure   Level
 Kiss of Death            Conj/Necr      0%         2d5       34%         1
 Magic Dart               Conj           0%         1d3       34%         1
 Sandblast                Erth           0%         2d4       34%         1
 Slow                     Hex            0%         N/A       34%         1
 Lesser Beckoning         Tloc           0%         N/A       47%         2
 Momentum Strike          Conj/Tloc      0%         3d8       47%         2
 Passwall                 Tmut/Erth      0%         N/A       47%         2
 Poisonous Vapours        Pois/Air       0%         N/A       47%         2
 Scorch                   Fire           0%         2d5       47%         2
 Confusing Touch          Hex            0%         N/A       71%         3
 Gell's Gravitas          Tloc           0%         N/A       71%         3
 Ignite Poison            Fire/Tmut/Pois 0%         N/A       71%         3
 Inner Flame              Hex/Fire       0%         N/A       71%         3
 Mephitic Cloud           Conj/Pois/Air  0%         N/A       71%         3
 Ozocubu's Armour         Ice            0%         N/A       71%         3
 Stone Arrow              Conj/Erth      0%         3d7       71%         3
 Teleport Other           Tloc           0%         N/A       71%         3
 Volatile Blastmotes      Fire/Tloc      0%         2d10      71%         3
 Anguish                  Hex/Necr       0%         N/A       98%         4
 Cause Fear               Hex            0%         N/A       98%         4
 Dispel Undead            Necr           0%         3d6       98%         4
 Flame Wave               Conj/Fire      0%         2d4       98%         4
 Leda's Liquefaction      Hex/Erth       0%         N/A       98%         4
 Manifold Assault         Tloc           0%         N/A       98%         4
 Passage of Golubria      Tloc           0%         N/A       98%         4
 Petrify                  Tmut/Erth      0%         N/A       98%         4
 Arcjolt                  Conj/Air       0%         1d10      100%        5
 Freezing Cloud           Conj/Ice/Air   0%         6-21      100%        5
 Iskenderun's Battlesphe  Conj           0%         2d6       100%        5
 Lee's Rapid Deconstruct  Erth           0%         3d4*      100%        5
 Metabolic Englaciation   Hex/Ice        0%         N/A       100%        5
 Yara's Violent Unravell  Hex/Tmut       0%         3d3       100%        5
 Dispersal                Tloc           0%         N/A       100%        6
 Eringya's Noxious Bog    Tmut/Pois      0%         N/A       100%        6
 Iron Shot                Conj/Erth      0%         9d1       100%        6
 Dragon Form              Tmut           0%         N/A       100%        7
 Enfeeble                 Hex            0%         N/A       100%        7
 Orb of Destruction       Conj           0%         9d5       100%        7
 Ozocubu's Refrigeration  Ice            0%         4d7       100%        7
 Storm Form               Tmut/Air       0%         N/A       100%        7
 Lehudib's Crystal Spear  Conj/Erth      0%         10d2      100%        8
 Maxwell's Capacitive Co  Air            0%         ∞         100%        8
 Fire Storm               Conj/Fire      0%         5d1       100%        9
 Shatter                  Erth           0%         3d5*      100%        9
 Call Imp                 Summ           Unusable   N/A       N/A         2
 Cigotuvi's Dreadful Rot  Necr/Pois/Air  Unusable   N/A       N/A         2
 Summon Guardian Golem    Hex/Summ       Unusable   N/A       N/A         3
 Animate Armour           Summ/Erth      Unusable   N/A       N/A         4
 Summon Forest            Summ/Tloc      Unusable   N/A       N/A         5
 Summon Mana Viper        Hex/Summ       Unusable   N/A       N/A         5
 Statue Form              Tmut/Erth      Unusable   N/A       N/A         6
 Summon Cactus Giant      Summ           Unusable   N/A       N/A         6
 Spellforged Servitor     Conj/Summ      Unusable   N/A       N/A         7
 Dragon's Call            Summ           Unusable   N/A       N/A         9

Dungeon Overview and Level Annotations

Branches:
Dungeon (15/15)            Temple (1/1) D:4            Lair (5/5) D:11
 Shoals (4/4) Lair:3        Snake (4/4) Lair:2        Slime (2/5) Lair:5
    Orc (2/2) D:11            Elf (3/3) Orc:2        Vaults (4/5) D:13
  Crypt (0/3) Vaults:3     Depths (4/4) D:15            Zot (0/5) Depths:4
Ossuary (visited)         Desolation (visited)      Gauntlet (visited)

Altars:
Ashenzari
Cheibriados
Dithmenos
Elyvilon
Fedhas
Gozag
Hepliaklqana
Kikubaaqudgha
Makhleb
Nemelex Xobeh
Okawaru
Qazlal
Ru
Sif Muna
Trog
Uskayaw
Vehumet
Wu Jian
Xom
Yredelemnul
Zin
The Shining One
Jiyva
Lugonu

Shops:
D:2 [*?!   D:8 *   D:10 *   Orc:2 :=*:   Elf:1 :   Snake:2 =(   Snake:4 **
Vaults:1 (   Vaults:2 =   Vaults:4 *

Portals:
Hell: Depths:1 Depths:2 Depths:3
Abyss: Lair:5 Depths:3
Pandemonium: Depths:2


Innate Abilities, Weirdness & Mutations

You are a tree.
Your roots penetrate the ground, keeping you stationary.
You cannot be teleported.
You are immune to unholy pain and torment.
Your maximum health is greatly increased.
Your equipment is partially melded.
You are immune to sickness and miasma.
((Your stone body is resilient. (AC +19)))
You are immune to poison.
((Your large and strong wings let you fly.))
You resist negative energy. (rN+)
((You are resistant to electric shocks. (rElec)))
You are resistant to unholy torment.
You are immune to petrification.
((Your flesh is cold resistant. (rC+)))
You are dopey. (Int -2)
Your magical capacity is low. (-10% MP)
Potions are less effective at restoring your health.
((You are vulnerable to heat. (rF-)))


Message History

Press: ? - help, Q - select action, (/) - cycle Dir - move target
As you read the scroll of blinking, it crumbles to dust.
The green draconian hits you but does no damage.
The purple draconian shifter casts a spell.
The purple draconian shifter blinks!
The white draconian stormcaller hits you but does no damage.
Really quaff the potion of lignification?
You turn into a tree.
The +1 cloak of the Depths {rN+ Str+2 Dex+5} melds into your body.
The +5 helmet "Onwaik" {rF- Regen+ Dex+3 SInv} melds into your body.
Your +0 pair of gloves of strength melds into your body.
The +2 pair of boots of the Majestic God {Will+ SInv} melds into your body.
Your +6 gold dragon scales melds into your body.
You feel weaker.
Your roots penetrate the ground.
The black draconian is engulfed in blazing flames.
The black draconian hits you but does no damage.
The green draconian hits you from afar with a +0 trident!
* * * LOW HITPOINT WARNING * * *
The white draconian stormcaller hits you but does no damage.
The purple draconian shifter casts a spell at you.
The black draconian blinks!
The red draconian scorcher blinks!
The yellow draconian annihilator blinks!
The death drake blinks!
The red draconian scorcher hits you with a +0 whip.
The white draconian stormcaller hits you with a +0 long sword of venom.
* * * LOW HITPOINT WARNING * * *
The green draconian monk hits you.
* * * LOW HITPOINT WARNING * * *
The green draconian monk kicks you but does no damage.
The green draconian monk tail-slaps you but does no damage. x2
Your system partially rejects the healing.
You feel much better.
The red draconian scorcher hits you but does no damage.
The death drake bites you but does no damage.
The black draconian hits you with a +0 glaive!
* * * LOW HITPOINT WARNING * * *
The yellow draconian annihilator spits acid at you.
The glob of acid hits you! You resist.
You die...

▓▓▓▓▓▓▓▓▓▓▓
▓.........▓
▓▓▓▓▓.........▓▓▓▓▓
▓.................▓
▓..... #...#......▓
▓=?...##...##.....▓
▓∩|..dqq§...§.....▓
▓>[..k♣qd§.......∩▓
▓∩|..qqq○....q....▓
▓.....##...##.....▓
▓..... #...#......▓
▓.................▓
▓▓▓▓▓.........▓▓▓▓▓
▓.........▓
▓▓▓▓▓▓▓▓▓▓▓


You could see a green draconian monk, a black draconian, a green draconian, a
purple draconian shifter, 2 draconians, a yellow draconian annihilator (catching
breath), 2 draconians and a death drake (summoned).

Vanquished Creatures
  A dread lich (Vaults:2)
  A juggernaut (Depths:3)
  Saint Roka (Orc:2)
  Bai Suzhen (Shoals:3)
  Margery (Vaults:4)
  A caustic shrike (shapeshifter) (Depths:3)
  6 caustic shrikes
  A golden dragon (Depths:2)
  2 bone dragons
  2 tentacled monstrosities (Depths:2)
  Jorgrun (Shoals:2)
  Zenata (Vaults:3)
  A walking crystal tome (Zig:4)
  Asterion (Depths:2)
  2 deep elf master archers (Elf:3)
  A walking divine tome (Depths:3)
  3 liches
  A quicksilver dragon (Depths:4)
  Polyphemus (Shoals:2)
  2 deep elf blademasters
  2 acid blobs
  2 krakens
  6 sphinxes
  Agnes (Elf:1)
  3 storm dragons (Depths:4)
  Donald (Elf:1)
  Kirke (D:15)
  3 shadow dragons
  A draconian monk (Depths:4)
  3 tengu reavers
  An azure jelly (Slime:2)
  A revenant (Zig:2)
  2 rockslimes
  10 fire giants
  4 deep elf sorcerers (Elf:3)
  A draconian knight (Depths:4)
  8 frost giants
  6 nagarajas
  An imperial myrmidon (Desolation)
  6 vault wardens
  2 iron dragons
  A curse skull (Zig:2)
  Louise (Shoals:4)
  Aizul (Snake:2)
  6 deep elf elementalists
  2 orc warlords
  12 ironbound preservers
  A quicksilver ooze (Slime:2)
  9 stone giants
  9 ironbound thunderhulks
  Nessos (Orc:2)
  4 vampire knights
  21 very ugly things
  3 deep elf demonologists (Elf:3)
  10 deep elf annihilators
  A purple draconian (Depths:4)
  A yellow draconian (Depths:4)
  11 dire elephants
  4 halazid warlocks (Desolation)
  A white draconian (Depths:4)
  Snorg (Orc:2)
  A minotaur (Gauntlet)
  11 spark wasps
  5 deep elf death magi (Elf:3)
  A crystal guardian (Desolation)
  9 merfolk javelineers
  7 ettins
  7 fire dragons
  2 ragged hierophants (Desolation)
  6 deep elf high priests (Elf:3)
  7 merfolk impalers
  2 jiangshi (Depths:3)
  8 great orbs of eyes
  5 entropy weavers
  5 yaktaur captains
  7 vault guards
  7 rakshasas
  5 spriggan air magi
  7 servants of whispers (Desolation)
  12 ice dragons
  A salamander tyrant (Snake:4)
  5 merfolk aquamancers
  A jorogumo (Zig:5)
  9 hydras
  14 centaur warriors
  7 merfolk avatars
  10 anacondas
  9 ironbound frosthearts
  2 death knights (Vaults:3)
  A satyr (Shoals:3)
  5 two-headed ogres
  16 peacekeepers
  A radroach (shapeshifter) (D:15)
  A death scarab (Zig:6)
  An alligator (Zig:7)
  2 alligator snapping turtles (Shoals:1)
  6 boulder beetles
  A catoblepas (Shoals:2)
  3 thrashing horrors (Lair:5)
  9 death yaks
  28 dancing weapons
  3 vampire magi
  12 naga warriors
  7 naga sharpshooters
  Urug (Lair:5)
  8 deep troll earth magi
  4 spriggan berserkers
  5 tengu warriors
  A hell hog (Zig:1)
  9 deep troll shamans
  5 orc high priests
  4 sun demons (Shoals:4)
  9 hell knights
  2 shock serpents
  21 deep elf knights
  Sonja (D:12)
  7 iron trolls
  A skyshark (Shoals:3)
  4 salamander mystics (Snake:4)
  9 skeletal warriors
  2 swamp dragons (Zig:7)
  2 pharaoh ants (Zig:5)
  3 goliath frogs (Zig:7)
  A sun moth (Shoals:4)
  33 deep trolls
  3 glowing orange brains
  A flayed ghost (Depths:1)
  A death drake (shapeshifter) (Lair:5)
  An orb spider (shapeshifter) (Elf:3)
  An orb spider (Zig:5)
  11 sea snakes
  9 naga ritualists
  13 deep elf archers
  Pikel (D:7)
  2 bog bodies (Zig:7)
  14 lindwurms
  15 harpies
  2 wolf spiders (shapeshifter)
  19 ironbound convokers
  5 necromancers
  9 orc knights
  23 deep elf zephyrmancers
  38 deep elf pyromancers
  9 wizards
  14 mana vipers
  A wolf spider (Zig:5)
  The ghost of CaptainMV the Chiller, a novice DrIE of Vehumet (D:7)
  2 shining eyes
  9 cyclopes
  3 orc sorcerers
  6 fauns
  19 manticores
  A sphinx skeleton (Zig:6)
  6 merfolk sirens
  15 salamanders
  42 ugly things
  Maurice (D:12)
  9 guardian serpents
  3 water nymphs (Shoals:4)
  15 elephants
  Joseph (Lair:1)
  16 naga magi
  15 vault sentinels
  29 black mambas
  3 gargoyles
  A torpor snail (Gauntlet)
  2 eyes of devastation
  2 smoke demons
  3 cane toads
  An efreet (D:13)
  A hellion (Gauntlet)
  A komodo dragon (shapeshifter) (D:13)
  2 komodo dragons
  3 unseen horrors
  5 yaktaurs
  5 rime drakes
  5 guardian mummies (Zig:6)
  A freezing wraith (D:15)
  A tengu conjurer (D:13)
  2 ancient zymes (Lair:5)
  4 trolls
  A yaktaur (shapeshifter) (Elf:1)
  A spriggan zombie (Zig:6)
  A troll (shapeshifter) (Lair:5)
  6 wind drakes
  29 merfolk
  2 polar bears
  2 hornets
  11 snapping turtles
  A dream sheep (shapeshifter) (Depths:1)
  66 saltlings (Desolation)
  11 dream sheep
  19 blink frogs
  A flying skull (Zig:6)
  44 slime creatures
  2 air elementals (Elf:1)
  Sigmund (D:3)
  A ynoxinul (Lair:5)
  3 shadows
  A vampire (D:12)
  4 spriggans
  A culicivora (Zig:5)
  16 water elementals
  37 yaks
  2 fire elementals
  A hog (D:15)
  A wraith (D:10)
  Eustachio (D:4)
  A yak (shapeshifter) (D:15)
  7 wyverns
  3 steam dragons
  3 basilisks
  3 humans (D:15)
  2 vampire mosquitoes (D:12)
  2 chaos spawn (Lair:5)
  5 redbacks
  11 wargs
  49 nagas
  14 water moccasins
  2 floating eyes
  3 acid dragons
  3 hell hounds
  A swamp drake (D:10)
  33 orc warriors
  4 black bears
  2 ice beasts
  9 ogres
  11 small abominations (Lair:5)
  8 centaurs
  2 phantoms
  2 kobold brigands (D:8)
  18 bullfrogs
  4 earth elementals
  A scorpion (D:5)
  12 wights
  21 killer bees
  A howler monkey (D:8)
  A crimson imp (D:10)
  2 jellies (D:5)
  A gnoll bouda (D:6)
  33 orc priests
  Crazy Yiuf (D:3)
  5 human zombies (Ossuary)
  An iron imp (D:10)
  5 starcursed masses (Zig:4)
  Jessica (D:3)
  6 hell rats (Lair:5)
  An iguana (D:3)
  32 orc wizards
  Terence (D:3)
  9 mummies
  14 gnolls
  7 adders
  4 white imps
  3 worms
  69 orcs
  9 endoplasms
  2 giant cockroaches
  12 goblins
  8 hobgoblins
  3 jackals (D:3)
  5 quokkas
  4 ball pythons
  2 bats (D:1)
  8 frilled lizards
  A goblin zombie (Ossuary)
  A hobgoblin zombie (Ossuary)
  11 kobolds
  An orc zombie (Ossuary)
  5 rats (D:1)
  A spectral weapon (Desolation)
  5 tentacles
1800 creatures vanquished.

Vanquished Creatures (others)
  A fire giant (Depths:2)
  A deep elf high priest (Elf:3)
  A wizard (Vaults:4)
  A tengu conjurer (Depths:4)
  A merfolk (Shoals:4)
  2 orc wizards (D:10)
  A shadow imp (D:10)
  4 orcs (D:10)
  3 tentacles (Shoals:2)
15 creatures vanquished.

Grand Total: 1815 creatures vanquished

Notes
Turn   | Place    | Note
-------+----------+-------------------------------------------
     0 | D:1      | Beranek the Gargoyle Fighter began the quest for the Orb.
     0 | D:1      | Reached XP level 1. HP: 14/14 MP: 1/1
    75 | D:1      | Found a faded altar of an unknown god.
   208 | D:1      | Reached XP level 2. HP: 19/19 MP: 2/2
   857 | D:2      | Found Plog's Magic Scroll Boutique.
   868 | D:2      | Bought a scroll of identify for 28 gold pieces
   892 | D:2      | Reached XP level 3. HP: 24/24 MP: 3/3
  1064 | D:2      | Found Iqusmuet's Assorted Antiques.
  1098 | D:2      | Found Mereza's Distillery.
  1379 | D:2      | Found Coonaen's Armour Shop.
  1526 | D:2      | Reached skill level 4 in Fighting
  1610 | D:2      | Reached XP level 4. HP: 28/29 MP: 4/4
  1722 | D:3      | Noticed Sigmund
  1737 | D:3      | Killed Sigmund
  1738 | D:3      | Reached skill level 5 in Fighting
  1738 | D:3      | Reached XP level 5. HP: 23/35 MP: 5/5
  1738 | D:3      | Reached XP level 6. HP: 26/40 MP: 6/6
  1859 | D:3      | Noticed Terence
  1872 | D:3      | Killed Terence
  1961 | D:3      | Noticed Jessica
  1971 | D:3      | Killed Jessica
  1972 | D:3      | Reached skill level 5 in Axes
  1978 | D:3      | Got Jessica's Codex of Dislocation
  2487 | D:3      | Found a shimmering altar of Xom.
  2787 | D:3      | Found a runed translucent door.
  2788 | D:3      | Noticed Crazy Yiuf
  2794 | D:3      | Killed Crazy Yiuf
  2799 | D:3      | Identified the +9 hammer of Action {drain, rPois Dex+4}
  2932 | D:4      | Found a staircase to the Ecumenical Temple.
  2941 | Temple   | Entered the Ecumenical Temple
  2947 | Temple   | Became a worshipper of the Shining One
  3021 | Temple   | Fell from the grace of the Shining One
  3021 | Temple   | Became a worshipper of Warmaster Okawaru
  3187 | D:4      | Found a sand-covered staircase.
  3192 | Ossuary  | Entered an ossuary
  3245 | Ossuary  | Reached XP level 7. HP: 44/44 MP: 7/7
  4023 | D:4      | Noticed Eustachio
  4041 | D:4      | Killed Eustachio
  4041 | D:4      | Reached * piety under Okawaru
  4042 | D:4      | Reached skill level 6 in Fighting
  4281 | D:5      | Entered Level 5 of the Dungeon
  4426 | D:5      | Reached XP level 8. HP: 52/52 MP: 8/8
  4640 | D:5      | Noticed a yak
  4645 | D:5      | Noticed a two-headed ogre
  4647 | D:5      | Noticed a yak
  4652 | D:5      | Killed a yak
  4652 | D:5      | Reached ** piety under Okawaru
  4653 | D:5      | Reached skill level 7 in Fighting
  4657 | D:5      | Killed a two-headed ogre
  4658 | D:5      | Reached skill level 8 in Fighting
  4658 | D:5      | Reached XP level 9. HP: 29/59 MP: 9/9
  4663 | D:5      | Reached *** piety under Okawaru
  4865 | D:5      | Reached skill level 1 in Invocations
  5547 | D:6      | Reached skill level 9 in Fighting
  5765 | D:6      | Found a hide-covered altar of Uskayaw.
  6038 | D:6      | Identified the +3 ring mail of the Lotus Blossom {Int+3
                  | Dex+2}
  6074 | D:6      | Reached skill level 10 in Axes
  6475 | D:7      | Reached XP level 10. HP: 59/67 MP: 12/12
  6637 | D:7      | Found a snail-covered altar of Cheibriados.
  6757 | D:7      | Reached **** piety under Okawaru
  6760 | D:7      | Reached skill level 10 in Fighting
  6948 | D:7      | Noticed Pikel
  6963 | D:7      | Killed Pikel
  6974 | D:7      | Noticed CaptainMV's ghost (novice DrIE)
  6975 | D:7      | Found a transporter.
  6977 | D:7      | Identified the +11 dire flail "Ystroy Ylett" {flame, Contam
                  | *Slow Dex+5}
  7414 | D:8      | Reached skill level 11 in Fighting
  7414 | D:8      | Reached skill level 5 in Invocations
  7644 | D:8      | Found an opulent altar of Gozag.
  7816 | D:8      | Found Yneacuah's CLEARANCE SALE!.
  8439 | D:9      | Reached XP level 11. HP: 39/76 MP: 15/15
  8643 | D:9      | Found a bloodstained altar of Trog.
  8911 | D:9      | Reached skill level 12 in Fighting
  9515 | D:10     | Entered Level 10 of the Dungeon
  9552 | D:10     | Found Diagem's General Store.
  9563 | D:10     | Reached ***** piety under Okawaru
  9653 | D:10     | Found a burning altar of Makhleb.
  9653 | D:10     | Noticed an Executioner
  9931 | D:10     | Learned a level 1 spell: Kiss of Death
  9967 | D:10     | Noticed a two-headed ogre
  9974 | D:10     | Killed a two-headed ogre
 10108 | D:10     | Reached skill level 13 in Fighting
 10158 | D:10     | Identified the +4 hand axe of Defilement {heavy, Will+}
 10498 | D:10     | Noticed a deep elf pyromancer
 10518 | D:10     | Killed a deep elf pyromancer
 10545 | D:10     | Noticed a deep elf pyromancer
 10551 | D:10     | Killed a deep elf pyromancer
 10646 | D:10     | Identified the +1 hat "Waust" {Harm Str-3 Dex+4}
 10921 | D:11     | Found a staircase to the Orcish Mines.
 11003 | D:11     | Found a staircase to the Lair.
 11010 | D:11     | Noticed a cyclops
 11017 | D:11     | Received a gift from Okawaru
 11030 | D:11     | Killed a cyclops
 11031 | D:11     | Reached XP level 12. HP: 39/84 MP: 18/18
 11044 | D:11     | Reached skill level 14 in Fighting
 11144 | D:11     | Received a gift from Okawaru
 11269 | D:11     | Noticed a two-headed ogre
 11273 | D:11     | Killed a two-headed ogre
 11273 | D:11     | Reached ****** piety under Okawaru
 12094 | D:7      | Found a transporter.
 12114 | D:7      | Killed CaptainMV's ghost
 12600 | Lair:1   | Entered Level 1 of the Lair of Beasts
 12651 | Lair:1   | Reached skill level 1 in Maces & Flails
 12658 | Lair:1   | Reached skill level 15 in Fighting
 12809 | Lair:1   | Noticed Joseph
 12818 | Lair:1   | Killed Joseph
 13329 | Lair:1   | Received a gift from Okawaru
 14022 | Lair:2   | Reached skill level 10 in Invocations
 14033 | Lair:2   | Found a staircase to the Snake Pit.
 14063 | Lair:2   | Found a gate leading to a gauntlet.
 14068 | Gauntlet | Entered a Gauntlet
 14068 | Gauntlet | Found a transporter.
 14200 | Gauntlet | Found a transporter.
 14202 | Gauntlet | Found a transporter.
 14203 | Gauntlet | Found a transporter.
 14206 | Gauntlet | Found a transporter.
 14207 | Gauntlet | Found a transporter.
 14208 | Gauntlet | Noticed a seven-headed hydra
 14220 | Gauntlet | Found a transporter.
 14227 | Gauntlet | Found a transporter.
 14284 | Gauntlet | Killed a seven-headed hydra
 14285 | Gauntlet | Reached skill level 16 in Fighting
 14289 | Gauntlet | Reached XP level 13. HP: 69/93 MP: 13/20
 14296 | Gauntlet | Identified the +5 helmet "Onwaik" {rF- Regen+ Dex+3 SInv}
 14386 | Gauntlet | Identified the ring of Odovvoma {rF+ Int+3 Slay+4}
 14558 | Gauntlet | Identified the +6 lajatang "Vubow" {freeze, rN++ Str-5}
 14558 | Gauntlet | Noticed a minotaur
 14571 | Gauntlet | Killed a minotaur
 14694 | Gauntlet | Got Jearraw's Incunabulum of Blistering Curses
 14769 | Lair:2   | Identified the +0 pair of gloves of a treasure trove {Harm
                  | Int-5 Slay+2} (Okawaru gifted it to you on level 2 of the
                  | Lair of Beasts)
 14769 | Lair:2   | Received a gift from Okawaru
 14770 | Lair:2   | Reached skill level 5 in Maces & Flails
 15181 | Lair:3   | Found a staircase to the Shoals.
 15188 | Lair:3   | Reached skill level 17 in Fighting
 15416 | Lair:3   | Identified the ring "Loxtesam" {rPois Str+6 Int+4 Slay+2}
 16062 | Lair:4   | You fall into a shaft and drop 1 floor!
 16062 | Lair:5   | Entered Level 5 of the Lair of Beasts
 16063 | Lair:5   | Noticed Urug
 16123 | Lair:5   | Killed Urug
 16309 | Lair:5   | Identified the +0 troll leather armour of Disguise {Rampage
                  | rN+ Regen+} (Okawaru gifted it to you on level 5 of the
                  | Lair of Beasts)
 16309 | Lair:5   | Received a gift from Okawaru
 16485 | Lair:5   | Found a viscous altar of Jiyva.
 16486 | Lair:5   | Found a staircase to the Slime Pits.
 16656 | Lair:5   | Gained mutation: Your large and strong wings let you fly.
                  | [Gargoyle growth]
 16656 | Lair:5   | Reached XP level 14. HP: 99/103 MP: 20/23
 16752 | Lair:5   | Reached skill level 18 in Fighting
 17161 | Lair:5   | Found a corrupted altar of Lugonu.
 17161 | Lair:5   | Found a one-way gate to the infinite horrors of the Abyss.
 17167 | Lair:5   | Received a gift from Okawaru
 17704 | Lair:4   | Identified the +2 leather armour "Mybbam" {Harm rPois}
 17800 | Lair:4   | Found a shimmering blue altar of Sif Muna.
 18816 | D:10     | Bought a potion of heal wounds for 70 gold pieces
 18816 | D:10     | Bought a scroll of identify for 28 gold pieces
 19028 | D:2      | Bought a potion of haste for 120 gold pieces
 19065 | D:2      | Bought a scroll labelled JIREFO TYOPRU for 29 gold pieces
 19104 | D:2      | Bought a scroll of magic mapping for 105 gold pieces
 19330 | Orc:1    | Entered Level 1 of the Orcish Mines
 19563 | Orc:1    | You are sucked into a shaft and drop 1 floor!
 19563 | Orc:2    | Entered Level 2 of the Orcish Mines
 19563 | Orc:2    | Noticed Saint Roka
 19595 | Orc:2    | Killed Saint Roka
 19730 | Orc:2    | Noticed Nessos
 19741 | Orc:2    | Killed Nessos
 19742 | Orc:2    | Noticed Snorg
 19750 | Orc:2    | Killed Snorg
 19774 | Orc:2    | Found Elohaod's Book Shoppe.
 19774 | Orc:2    | Found Kousk's Book Emporium.
 19774 | Orc:2    | Found Rerudo's Assorted Antiques.
 19851 | Orc:2    | Found Zecavaurgh's Jewellery Emporium.
 19966 | Orc:2    | Bought a scroll of identify for 60 gold pieces
 19997 | Orc:2    | Reached skill level 10 in Maces & Flails
 19997 | Orc:2    | Reached XP level 15. HP: 109/110 MP: 25/25
 20325 | Orc:2    | Found a staircase to the Elven Halls.
 20446 | Orc:1    | Reached skill level 19 in Fighting
 20719 | D:12     | Noticed Maurice
 20739 | D:12     | Killed Maurice
 20968 | D:12     | Identified the +7 double sword "Orchoczef" {flame, Fly
                  | rCorr Int+3} (Okawaru gifted it to you on level 12 of the
                  | Dungeon)
 20968 | D:12     | Received a gift from Okawaru
 21003 | D:12     | Noticed Sonja
 21023 | D:12     | Killed Sonja
 21024 | D:12     | Reached skill level 1 in Evocations
 21474 | D:13     | You are sucked into a shaft and drop 1 floor!
 21565 | D:14     | Received a gift from Okawaru
 21751 | D:14     | Reached skill level 5 in Armour
 21911 | D:13     | Found a gate to the Vaults.
 22518 | D:13     | Found a hazy altar of Hepliaklqana.
 22519 | D:13     | Found a faded altar of an unknown god.
 22520 | D:13     | Found a faded altar of an unknown god.
 23018 | D:15     | Entered Level 15 of the Dungeon
 23496 | D:15     | Identified the staff of earth "Jymuus" {Drain rF+ rCorr
                  | Int+3}
 23497 | D:15     | Noticed Kirke
 23509 | D:15     | Killed Kirke
 23510 | D:15     | Reached XP level 16. HP: 114/118 MP: 26/26
 23586 | D:15     | Reached skill level 20 in Fighting
 23586 | D:15     | Reached skill level 5 in Evocations
 23586 | D:15     | Reached XP level 17. HP: 124/124 MP: 27/27
 23777 | D:15     | Received a gift from Okawaru
 23828 | D:15     | Found a staircase to the Depths.
 24605 | Snake:1  | Entered Level 1 of the Snake Pit
 25138 | Snake:1  | Identified the +0 pair of boots "Deicw" {rElec rN+}
 25234 | Snake:2  | Found Ycric's Jewellery Emporium.
 25238 | Snake:2  | Found Ritoebuc's Antique Weapon Emporium.
 25248 | Snake:2  | Received a gift from Okawaru
 25253 | Snake:2  | Bought the ring of Olitz {Contam Will+ rCorr Str+5 Stlth+}
                  | for 588 gold pieces
 25412 | Snake:2  | Noticed Aizul
 25424 | Snake:2  | Killed Aizul
 26280 | Snake:3  | Identified the +1 pair of boots "Zyvia" {*Slow rPois Int+3}
                  | (Okawaru gifted it to you on level 3 of the Snake Pit)
 26280 | Snake:3  | Received a gift from Okawaru
 27010 | Snake:4  | Entered Level 4 of the Snake Pit
 27049 | Snake:4  | Reached skill level 10 in Armour
 27064 | Snake:4  | Reached XP level 18. HP: 131/131 MP: 22/28
 27427 | Snake:4  | Found Cerchiho's Specific Store.
 27429 | Snake:4  | Found Toawilynew's General Store.
 27494 | Snake:4  | Reached skill level 21 in Fighting
 28148 | Snake:4  | Received a gift from Okawaru
 28546 | Snake:4  | Got a serpentine rune of Zot
 28832 | Shoals:1 | Entered Level 1 of the Shoals
 29535 | Shoals:1 | Identified the +0 plate armour of the Cooper {+Inv Fly rF+
                  | Stlth-} (Okawaru gifted it to you on level 1 of the Shoals)
 29535 | Shoals:1 | Received a gift from Okawaru
 29994 | Shoals:2 | Noticed Polyphemus
 30004 | Shoals:2 | Killed Polyphemus
 30072 | Shoals:2 | Reached skill level 15 in Axes
 30116 | Shoals:2 | Identified the +2 robe of Iruibeky {rF+ Int+4 Archmagi}
 30284 | Shoals:2 | Reached XP level 19. HP: 135/139 MP: 25/29
 30785 | Shoals:2 | Noticed Jorgrun
 30799 | Shoals:2 | Killed Jorgrun
 31090 | Shoals:3 | Noticed Bai Suzhen
 31105 | Shoals:3 | Killed Bai Suzhen
 31384 | Shoals:3 | Reached skill level 10 in Evocations
 31912 | Shoals:4 | Entered Level 4 of the Shoals
 32058 | Shoals:4 | Reached skill level 22 in Fighting
 32187 | Shoals:4 | Identified the +8 hand axe "Porghiut" {heavy, rCorr}
 32622 | Shoals:4 | Got the Compendium of Sickening Vicissitude
 32842 | Shoals:4 | Noticed Louise
 32847 | Shoals:4 | Identified the +1 ring mail of Osur {Int+3 Dex+4} (Okawaru
                  | gifted it to you on level 4 of the Shoals)
 32847 | Shoals:4 | Received a gift from Okawaru
 33127 | Shoals:4 | Killed Louise
 33220 | Shoals:4 | Got a barnacled rune of Zot
 34297 | Slime:1  | Entered Level 1 of the Pits of Slime
 34645 | Slime:2  | Gained mutation: Your flesh is cold resistant. (rC+) [a
                  | shining eye]
 34649 | Slime:2  | Gained mutation: You are dopey. (Int -2) [a shining eye]
 34968 | Slime:1  | Gained mutation: Your magical capacity is low. (-10% MP) [a
                  | shining eye]
 34971 | Slime:1  | Gained mutation: Potions are less effective at restoring
                  | your health. [a shining eye]
 34973 | Slime:1  | Gained mutation: You are vulnerable to heat. (rF-) [a
                  | shining eye]
 35292 | Elf:1    | Entered Level 1 of the Elven Halls
 35336 | Elf:1    | Noticed Donald
 35337 | Elf:1    | Noticed Agnes
 35350 | Elf:1    | Killed Agnes
 35354 | Elf:1    | Reached XP level 20. HP: 68/147 MP: 6/27
 35357 | Elf:1    | Killed Donald
 35604 | Elf:1    | Paralysed by an air elemental for 1 turns
 35610 | Elf:1    | Paralysed by an air elemental for 1 turns
 35627 | Elf:1    | Found Cuninao's Book Emporium.
 35762 | Elf:1    | Found a crumbling gateway.
 35771 | Desolati | Entered the Desolation of Salt
 35953 | Desolati | Identified the ring of Wiresur {Fire Dex+5}
 35977 | Desolati | Received a gift from Okawaru
 36010 | Desolati | Got Josor's Vademecum on Tectonic Voltage
 36193 | Desolati | Identified the +5 great sword of Cuyt {pain, *Corrode rElec
                  | Dex+3}
 36195 | Desolati | Got Rydwyity's Dissertation on the Blinking Wyrd
 36486 | Desolati | Identified the ring "Urufu" {Fly rElec Dex-2 Slay+2 SInv}
 36538 | Desolati | Reached skill level 23 in Fighting
 36763 | Elf:1    | Identified the +6 trident of Dishonour {spect, rF+ Will+
                  | Str+4 Dex+3}
 37308 | Elf:1    | Identified the +1 ring mail of Intense Amelioration {Contam
                  | Int+5 SInv} (Okawaru gifted it to you on level 1 of the
                  | Elven Halls)
 37308 | Elf:1    | Received a gift from Okawaru
 37772 | Elf:2    | Found a runed translucent gate.
 37773 | Elf:2    | Found a runed translucent gate.
 37773 | Elf:2    | Found a runed translucent gate.
 38390 | Elf:2    | Reached skill level 15 in Armour
 38843 | Elf:2    | Reached XP level 21. HP: 150/153 MP: 26/28
 39293 | Elf:3    | Entered Level 3 of the Elven Halls
 40223 | Elf:3    | Identified the +0 plate armour of the Equator {Dex+3}
 40238 | Elf:3    | Identified the ring "Telao" {Dex+6 SInv}
 40246 | Elf:3    | Received a gift from Okawaru
 40246 | Elf:3    | Found the +16 obsidian axe {drain, demonic, Mesm Drain Fly
                  | SInv}
 40288 | Elf:3    | Identified the +1 leather armour of Time Monsters {rC+}
 40289 | Elf:3    | Identified the +1 war axe "Hat Vear" {freeze, rCorr MP+9
                  | SInv}
 40314 | Elf:3    | Identified the +5 sling of Intimidation {heavy, rC- Str+5}
 41221 | Elf:3    | Identified the staff of conjuration "Rith" {Int+2}
 41236 | Elf:3    | Got the Parchment of Dislocated Contaminants
 41255 | Elf:3    | Identified the +3 ring mail of Wezuaroom {rF+ Str+4}
 41674 | Orc:2    | Bought a scroll of teleportation for 90 gold pieces
 41674 | Orc:2    | Bought a potion of curing for 90 gold pieces
 41886 | Vaults:1 | Entered Level 1 of the Vaults
 41886 | Vaults:1 | Found Ugeor's Antique Weapon Emporium.
 41979 | Vaults:1 | Paralysed by a great orb of eyes for 3 turns
 42004 | Vaults:1 | Reached skill level 24 in Fighting
 42414 | Vaults:1 | Received a gift from Okawaru
 42972 | Vaults:1 | Reached XP level 22. HP: 146/161 MP: 25/29
 43455 | Vaults:2 | Received a gift from Okawaru
 44077 | Vaults:2 | Noticed a dread lich
 44089 | Vaults:2 | Killed a dread lich
 44176 | Vaults:2 | Found Furub's Jewellery Shop.
 44231 | Vaults:2 | Received a gift from Okawaru
 44936 | Vaults:2 | Received a gift from Okawaru
 44939 | Vaults:2 | Reached skill level 15 in Maces & Flails
 45677 | Vaults:3 | Noticed Zenata
 45845 | Vaults:3 | Killed Zenata
 46066 | Vaults:3 | Received a gift from Okawaru
 46332 | Vaults:3 | Found a staircase to the Crypt.
 47355 | Vaults:4 | Reached XP level 23. HP: 168/168 MP: 30/30
 47566 | Vaults:4 | Reached skill level 1 in Dodging
 47650 | Vaults:4 | Found Deudium's General Store.
 47693 | Vaults:4 | Noticed Margery
 47707 | Vaults:4 | Killed Margery
 47804 | Vaults:4 | Identified the +2 pair of boots of the Majestic God {Will+
                  | SInv} (Okawaru gifted it to you on level 4 of the Vaults)
 47804 | Vaults:4 | Received a gift from Okawaru
 48292 | Vaults:4 | Identified the +4 trident of the Solstice {spect, rPois rF+
                  | rN+}
 48502 | Depths:1 | Entered Level 1 of the Depths
 48805 | Depths:1 | Found a gateway to Hell.
 49042 | Depths:1 | Identified the +11 hand axe of Veug {venom, rElec rC+
                  | rCorr}
 49235 | Depths:1 | Identified the +1 ring mail "Ycoteblo" {rF- Will+ Slay+3}
 49432 | Depths:2 | Identified the +1 cloak of the Depths {rN+ Str+2 Dex+5}
 49580 | Depths:2 | Found a one-way gate leading to the halls of Pandemonium.
 50030 | Depths:2 | Reached skill level 5 in Dodging
 50143 | Depths:2 | Noticed Asterion
 50170 | Depths:2 | Killed Asterion
 50278 | Depths:2 | Identified the ring "Dauptusi" {rN++ Will+ Str-4 Dex+6}
 50327 | Depths:2 | Identified the +0 pair of gloves of Going Fast {rN+ Str-5
                  | Int+3 Dex+3} (Okawaru gifted it to you on level 2 of the
                  | Depths)
 50327 | Depths:2 | Received a gift from Okawaru
 50348 | Depths:2 | Noticed a golden dragon
 50356 | Depths:2 | Noticed a caustic shrike
 50825 | Depths:2 | Killed a golden dragon
 50830 | Depths:2 | Paralysed by a floating eye for 2 turns
 50871 | Depths:2 | Killed a caustic shrike
 51149 | Depths:2 | Reached XP level 24. HP: 159/175 MP: 25/30
 51262 | Depths:2 | Found a sacrificial altar of Ru.
 51919 | Depths:3 | Found a stormy altar of Qazlal.
 52091 | Depths:3 | Noticed a juggernaut
 52094 | Depths:3 | Paralysed by a floating eye for 3 turns
 52125 | Depths:3 | Killed a juggernaut
 52303 | Depths:3 | Paralysed by a floating eye for 2 turns
 52328 | Depths:3 | a titan changed into a caustic shrike
 52328 | Depths:3 | Noticed a caustic shrike (glowing shapeshifter)
 52337 | Depths:3 | Killed a caustic shrike
 52614 | Depths:3 | Identified the +0 chain mail of Philately {rPois Will+
                  | Str-5 Slay+3}
 53146 | Depths:4 | Entered Level 4 of the Depths
 53146 | Depths:4 | Noticed a caustic shrike
 53147 | Depths:4 | Noticed a caustic shrike
 53147 | Depths:4 | Noticed a caustic shrike
 53147 | Depths:4 | Noticed a caustic shrike
 53149 | Depths:4 | Noticed a caustic shrike
 53159 | Depths:4 | Killed a caustic shrike
 53160 | Depths:4 | Killed a caustic shrike
 53161 | Depths:4 | Killed a caustic shrike
 53162 | Depths:4 | Killed a caustic shrike
 53166 | Depths:4 | Killed a caustic shrike
 53247 | Depths:4 | Received a gift from Okawaru
 53678 | Depths:4 | Found a gate to the Realm of Zot.
 53736 | Depths:4 | Found a one-way gateway to a ziggurat.
 53852 | Zig:1    | Entered Level 1 of a ziggurat
 53872 | Zig:2    | Entered Level 2 of a ziggurat
 53913 | Zig:3    | Entered Level 3 of a ziggurat
 54046 | Zig:4    | Entered Level 4 of a ziggurat
 54059 | Zig:4    | Reached XP level 25. HP: 112/180 MP: 16/30
 54250 | Zig:5    | Entered Level 5 of a ziggurat
 54255 | Zig:5    | Found the +8 storm bow {elec, penet}
 54410 | Zig:6    | Entered Level 6 of a ziggurat
 54426 | Zig:6    | Reached skill level 1 in Polearms
 54489 | Zig:6    | Identified the ring "Quasyc" {EV+5 Dex+4}
 54508 | Zig:7    | Entered Level 7 of a ziggurat
 54551 | Zig:7    | Identified the staff of poison "Ejokok" {rElec rPois rC+++
                  | Str+2 Dex-5}
 54556 | Zig:8    | Entered Level 8 of a ziggurat
 54580 | Zig:8    | HP: 12/270 [white draconian stormcaller/+0 long sword of
                  | venom (6)]
 54581 | Zig:8    | Killed from afar by a yellow draconian annihilator

Illustrated notes

Levels and vault maps discovered:
D:1:      ebering_trefoil_twist, layout_loops_ring, serial_forest,
          infiniplex_forest_clump_small, infiniplex_forest_lined_2,
          infiniplex_forest_fountain, infiniplex_forest_lined_4_way,
          infiniplex_forest_clump_curved, infiniplex_forest_end_1,
          basic_ecumenical_altar
D:2:      layout_basic, serial_shops, nicolae_shop_competitors_out_of_business,
          shop, nicolae_shop_competitors_out_of_business, shop,
          minmay_lizard_pond
D:3:      kennysheep_goblin_castle, layout_loops_ring, tgw_xom,
          amcnicky_mini_corridor_feature, grunt_decor_resistance,
          kennysheep_jessica_study, uniq_terence, uniq_sigmund,
          uniq_crazy_yiuf_cottage
D:4:      layout_basic, minmay_temple_entry_gardened_gates,
          lightli_ossuary_entry_decrepit_ruins, uniq_eustachio
D:5:      layout_basic, minmay_manual_mail
D:6:      layout_cave_pods, nicolae_uskayaw_suspiria
D:7:      layout_loops_corners, lemuel_round_altar, gammafunk_ghost_smash,
          uniq_pikel
D:8:      layout_basic, nicolae_gozag_seed_capital, reono_crystal_passage,
          nicolae_shop_clearance
D:9:      layout_loops_corners, lightli_temple_of_fire
D:10:     layout_small_grid, makhleb_altar_promises_db, serial_shops, shop,
          hangedman_minor_magic
D:11:     layout_long_grid, erik_lair_orcish_takeover, david_orc_3,
          serial_rivers, chequers_serial_rivers_room_b,
          chequers_serial_rivers_small_a, chequers_serial_rivers_marsh,
          chequers_serial_rivers_micro_c
D:12:     layout_rooms, uniq_maurice, uniq_sonja
D:13:     layout_basic, lightli_vaults_fourway_checkpoint,
          nicolae_hepliaklqana_ecumenical_no_more
D:14:     layout_cave_pools, dreamdust_wishing_well
D:15:     gammafunk_enter_depths_forms, layout_stronghold, minmay_crystal_room,
          uniq_kirke
Temple:   compressed_dpeg_triangle_lava_temple
Lair:1:   layout_cave_pods, uniq_joseph
Lair:2:   layout_misc_corridors, minmay_snake_entry_guardpost_medium,
          gauntlet_entry_generic, grunt_megastairs_5,
          infiniplex_staircase_pool_2, lemuel_fruit_tree
Lair:3:   layout_chaotic_city, nicolae_shoals_entry_roost,
          pdpol_lair_neglected_garden, infiniplex_staircase_pool,
          serial_bayou_shore_a
Lair:4:   layout_roguey, lemuel_altar_in_water2, minivault_27,
          serial_bayou_ford_a, serial_bayou_pond_b, serial_bayou_shore_b
Lair:5:   hellmonk_lair_end_abyssal_woods, layout_small_grid, slime_entry_1,
          chequers_serial_rivers_small_a, gammafunk_lair_bear_cave, uniq_urug
Shoals:1: layout_shoals, nicolae_shoals_lost_giant_hut
Shoals:2: layout_shoals, uniq_polyphemus, uniq_jorgrun
Shoals:3: layout_shoals, uniq_bai_suzhen
Shoals:4: shoals_end_grunt_ice, layout_shoals, nicolae_shoals_bring_sunscreen,
          uniq_louise
Snake:1:  layout_rooms
Snake:2:  layout_onion_interference, hangedman_snake_corridor_split,
          grunt_megastairs_1, minmay_shop_star, uniq_aizul
Snake:3:  layout_misc_corridors, grunt_megastairs_3
Snake:4:  johnstein_snake_rune_scales, layout_layer_cave,
          nicolae_specific_store, corexii_hall_statues_x
Slime:1:  layout_caves
Slime:2:  layout_caves, nicolae_slime_getting_an_eyeful
Orc:1:    layout_diamond_mine, serial_shops, shop, basic_altar, rock_pile
Orc:2:    st_orc_mages, layout_caves, uniq_snorg, uniq_saint_roka, uniq_nessos
Elf:1:    minmay_elf_arrival_plus, layout_loops_corners, serial_shops, shop,
          portal_desolation_entry_twin_temple, evilmike_minifort,
          serial_sigils_hangedman_scar, wad_dig_loot, uniq_agnes, uniq_donald
Elf:2:    nicolae_elf_blades_crystal_corner, layout_gridlike, serial_glass,
          glass_columns_b, glass_columns_c, glass_columns_a, glass_columns_a,
          st_stairs_1
Elf:3:    minmay_elf_hall_curves, layout_loops_ring, grunt_ministairs_15,
          st_stairs_1, lemuel_flame_loot_1
Vaults:1: ontoclasm_vaults_ring_small, v_misc_10, hangedman_vaults_nails,
          nicolae_vaults_closet_pinwheel_4, hangedman_vaults_slice,
          layout_vaults_omnigrid, serial_shops, nicolae_shop_stone
Vaults:2: nicolae_vaults_closet_pinwheel_5, nicolae_vaults_little_squares_6,
          nicolae_vaults_display_case, vaults_standard_mumra_lines,
          nicolae_vaults_heart-shaped_vault, ontoclasm_vaults_hangar,
          v_alt_pattern_4, v_misc_4, v_misc_3, hangedman_vaults_capsules,
          hangedman_vaults_impose, grunt_vaults_bifocal, layout_vaults_omnibox,
          serial_shops, nicolae_shop_waterfront
Vaults:3: nicolae_vaults_network_quincunx
          [nicolae_vaults_network_quincunx_subvault,
          nicolae_vaults_network_quincunx_subvault,
          nicolae_vaults_network_quincunx_subvault,
          nicolae_vaults_network_quincunx_subvault,
          nicolae_vaults_network_quincunx_subvault], special_room_vaults
          [special_room_orc], v_alt_pattern_3, blue_anna_dwarven_crypt,
          dpeg_vaults_monster_box, nicolae_vaults_stepped_doors,
          nicolae_vaults_closet_pinwheel_4, grunt_vaults_focal,
          vaults_room_corners, nicolae_vaults_layer_cake_slice,
          nicolae_vaults_double_plus_2, nicolae_vaults_more_shelving_1,
          vaults_room_pool, nicolae_vaults_tetromino_L_1,
          nicolae_vaults_double_plus_1, vaults_room_stairs_pillars,
          vaults_dpeg_hooks, layout_vaults_omnicross, uniq_zenata
Vaults:4: vaults_room_grid, nicolae_vaults_frosty_reception,
          nicolae_vaults_network_barrier, vaults_room_hallway,
          hangedman_vaults_maws, nicolae_vaults_alarming, v_misc_9,
          nicolae_vaults_triangles, nicolae_vaults_tetromino_Z_1,
          nicolae_vaults_offset_grid_hallway_1, nicolae_vaults_rhombus_5,
          layout_vaults_maze_snakey, serial_shops,
          nicolae_shop_temple_entry_statues_fountains, uniq_margery
Depths:1: layout_twisted_cross, kennysheep_cluttered_room, hell_entry,
          dispersion_dpeg, serial_bayou_shore_b, kennysheep_random_hallway
Depths:2: minmay_the_grid_triangle_9x9_recursive_3
          [minmay_the_grid_triangle_9x9_corrupted_corridor,
          minmay_the_grid_triangle_9x9_skeleton,
          minmay_the_grid_triangle_9x9_semitri,
          minmay_the_grid_triangle_9x9_prize_insulated,
          minmay_the_grid_triangle_9x9_impossible_snake,
          minmay_the_grid_triangle_9x9_from_above,
          minmay_the_grid_triangle_9x9_dagger,
          minmay_the_grid_triangle_9x9_checkered,
          minmay_the_grid_triangle_9x9_corruption], layout_gridlike,
          serial_aquarium, aquarium_bridge_island_large
          [aquarium_subvault_large_water, aquarium_subvault_window,
          aquarium_subvault_bridge, aquarium_subvault_bridge,
          aquarium_subvault_bridge], aquarium_window_1, aquarium_window_fake,
          aquarium_window_fake, aquarium_view_2f, aquarium_pool_2, hell_entry,
          nicolae_ru_the_path_less_chosen, special_room
          [special_room_mythical_zoo], pan_entry, uniq_asterion
Depths:3: cheibrodos_spurs, layout_basic, abyss_entry, hell_entry,
          nicolae_twisting_strands, nicolae_qazlal_eye_of_the_storm
Depths:4: evilmike_zot_entry_diamond, layout_cave_shapes, enter_ziggurat_b,
          minmay_misc_feat_iff, pf_hell_entry_tar_spiral
Zig:8:    ziggurat_pillar_abc, ziggurat_pillar_abc, ziggurat_pillar_abc,
          ziggurat_pillar_abc

Skill      XL: |  1  2  3  4  5  6  7  8  9 10 11 12 13 14 15 16 17 18 19 20 21 22 23 24 25 |
---------------+----------------------------------------------------------------------------+-----
Axes           | 2 3 4 5 6 8 10 11 13 14 15 16 17 18 | 18.7
Fighting       | 4 5 6 8 9 11 13 16 17 18 19 20 21 22 23 24 | 24.8
Invocations    | 3 6 8 10 12 13 14 | 14.1
Maces & Flails | 4 7 10 11 12 13 16 18 | 18.7
Evocations     | 4 5 7 9 11 12 13 14 | 14.8
Armour         | 6 7 10 12 13 15 16 17 19 20 | 20.9
Dodging        | 6 9 |  9.5
Polearms       | 2 |  2.6
Shields        | |  3.2

Action                     |  1- 3 |  4- 6 |  7- 9 | 10-12 | 13-15 | 16-18 | 19-21 | 22-24 | 25-27 || total
---------------------------+-------+-------+-------+-------+-------+-------+-------+-------+-------++-------
  Melee: War axe           |   109 |    86 |       |       |       |       |       |       |       ||   195
         Mace              |       |    19 |   224 |   427 |       |       |       |       |       ||   670
         Dire flail        |       |       |       |   100 |   777 |   309 |       |       |       ||  1186
         Battleaxe         |       |       |       |    63 |       |   464 |  1166 |  1188 |    63 ||  2944
  Throw: Boomerang         |    10 |     6 |     1 |     2 |     6 |     1 |       |       |       ||    26
 Invoke: Heroism           |       |       |     1 |     8 |    10 |    14 |    12 |    19 |     2 ||    66
         Finesse           |       |       |       |     2 |     6 |     7 |     7 |     7 |     2 ||    31
  Evoke: Wand              |       |       |       |       |     4 |     1 |       |     8 |       ||    13
    Use: Scroll            |       |     3 |     5 |    10 |    16 |     3 |     5 |     8 |     3 ||    53
         Potion            |       |     1 |       |     2 |     5 |     3 |     8 |     1 |     3 ||    23
   Stab: Petrified         |       |       |       |       |       |     9 |       |       |       ||     9
         Petrifying        |       |       |       |       |       |     1 |       |       |       ||     1
 Armour: Scale mail        |    50 |       |       |       |       |       |       |       |       ||    50
         Chain mail        |     9 |    37 |       |       |       |       |       |       |       ||    46
         Plate armour      |       |    14 |   136 |    90 |       |       |       |       |       ||   240
         Skin              |       |       |    12 |       |       |       |       |       |     7 ||    19
         Acid dragon scale |       |       |       |   278 |     1 |       |       |       |       ||   279
         Gold dragon scale |       |       |       |       |   569 |   594 |  1327 |   995 |   134 ||  3619
  Dodge: Dodged            |    58 |    38 |    56 |   308 |   170 |   209 |   401 |   504 |   112 ||  1856
  Block: Buckler           |    20 |    27 |    38 |   112 |       |       |       |       |       ||   197
